 Dungeon Crawl Stone Soup version 0.17-a0-1882-g750edc8 (webtiles) character file.

268 wvc the Magician (level 6, -2/47 HPs)
             Began as a Draconian Transmuter on Sept 22, 2015.
             Was a Follower of Elyvilon.
             Slain by a gnoll (6 damage)
             ... on level 4 of the Dungeon.
             The game lasted 00:06:55 (3631 turns).

wvc the Magician (Draconian Transmuter)             Turns: 3631, Time: 00:06:55

Health: -2/47      AC:  2    Str: 12    XL:     6   Next: 0%
Magic:  10/13      EV: 19    Int: 16    God:    Elyvilon [*.....]
Gold:   205        SH:  0    Dex: 16    Spells: 3 memorised, 8 levels left

rFire  + . .     SeeInvis .       - Unarmed
rCold  x . .     Clarity  .     (armour unavailable)
rNeg   . . .     SustAt   .     (shield currently unavailable)
rPois  x         Gourm    .     (helmet currently unavailable)
rElec  .         Spirit   .     (cloak currently unavailable)
rCorr  .         Warding  .     (gloves currently unavailable)
rMut   .         Stasis   .     (boots currently unavailable)
MR     .....                    (no amulet)
Stlth  +.........               (no ring)
                                n - ring of fire

@: lethally poisoned (-2 -> -6), spider-form (expiring), not resistant to
hostile enchantments, very unstealthy
A: unfitting armour, (cold-blooded), AC +6
a: End Transformation, Lesser Healing, Divine Protection, Renounce Religion


You were on level 4 of the Dungeon.
You worshipped Elyvilon.
Elyvilon was aware of your devotion.
You were not hungry.
You were a venomous arachnid creature.
You visited 1 branch of the dungeon, and saw 4 of its levels.

You collected 205 gold pieces.

Inventory:

Missiles
 a - 71 arrows
 m - 10 poisoned needles
 q - 19 poisoned arrows
Armour
 l - a +0 cloak (melded)
 w - a +0 pair of gloves (melded)
Jewellery
 n - a ring of fire (left front leg)
Scrolls
 d - a scroll of teleportation {unknown}
 e - a scroll of noise {unknown}
 f - 9 scrolls of identify {unknown}
 g - 2 scrolls of remove curse {unknown}
 h - a scroll of enchant weapon {unknown}
 r - 2 scrolls of blinking {unknown}
 t - a scroll of fog {unknown}
 v - 2 scrolls of enchant armour {unknown}
Potions
 i - a potion of might
 p - a potion of invisibility {unknown}
 s - a potion of poison {unknown}
Books
 b - a book of Changes

   Spells                             Type                      Level
   a - Beastly Appendage              Transmutation                1
   b - Sticks to Snakes               Transmutation                2
   c - Spider Form                    Transmutation/Poison         3
   d - Ice Form                       Ice/Transmutation            4
   e - Blade Hands                    Transmutation                5
 k - a book of Necromancy

   Spells                             Type                      Level
   a - Pain                           Necromancy                   1
   b - Animate Skeleton               Necromancy                   1
   c - Vampiric Draining              Necromancy                   3
   d - Regeneration                   Charms/Necromancy            3
   e - Animate Dead                   Necromancy                   4
   f - Control Undead                 Necromancy                   4
   Elyvilon disapproves of the use of such an item.
Comestibles
 c - 2 bread rations


   Skills:
 - Level 1.1 Fighting
 - Level 1.7 Dodging
 - Level 3.0 Unarmed Combat
 + Level 4.7 Spellcasting
 - Level 3.4 Transmutations
 * Level 2.0 Poison Magic


You had 8 spell levels left.
You knew the following spells:

 Your Spells              Type           Power        Failure   Level  Hunger
a - Beastly Appendage     Trmt           ##....       14%         1    None
b - Sticks to Snakes      Trmt           ##........   21%         2    ##.....
c - Spider Form           Trmt/Pois      ##........   36%         3    ###....


Dungeon Overview and Level Annotations

Branches:
Dungeon (4/15)
 Temple: D:4-7

Altars:
Dithmenos
Elyvilon


Innate Abilities, Weirdness & Mutations

((Your plain brown scales are hard (AC +6).))
Your body does not fit into most forms of armour.
((You are cold-blooded and may be slowed by cold attacks.))


Message History

The gnoll shaman is severely wounded.
You feel sick.
You kill the gnoll shaman!
Your Poison Magic skill increases to level 2!
You have reached level 6!
Your experience leads to an increase in your attributes!
Your base attributes are Str 12, Int 15, Dex 11.
Increase (S)trength, (I)ntelligence, or (D)exterity?
You feel clever.
Your scales feel tougher.
The gnoll barely misses you. The gnoll hits you with a flail!
* * * LOW HITPOINT WARNING * * *
The gnoll hits you.
* * * LOW HITPOINT WARNING * * *
* * * LOW HITPOINT WARNING * * *
You feel sick.
Drink which item? (? for menu, Esc to quit)
It was a potion of cancellation.
Your magical effects are unravelling.
You feel magically purged. The gnoll closely misses you. The gnoll hits you.
You die...

+## #.####..#
#....#..#
##.##.#.'## ##.
##...#.#...# ....
...._.......#.....
#.#...####..'.....
#.##.## #'###.##'
# ...# #.###'##.##
###. #ggs.......
#'###'##.## #).# #
....' ##..### #(.#
.... ##+# #


You could see 2 gnolls.

Vanquished Creatures
  A giant frog (D:4)
  Crazy Yiuf (D:3)
  A gnoll shaman (D:4)
  An orc wizard (D:4)
  2 adders
  An ooze (D:3)
  4 worms
  5 giant geckos
  5 orcs
  7 bats
  3 giant cockroaches
  12 hobgoblins
  4 jackals
  4 giant newts
  8 goblins
  13 kobolds
  3 rats
  A fungus (D:3)
76 creatures vanquished.

Vanquished Creatures (collateral kills)
  3 adders
  A goblin (D:2)
  A rat (D:2)
5 creatures vanquished.

Vanquished Creatures (others)
  4 toadstools (D:1)
4 creatures vanquished.

Grand Total: 85 creatures vanquished

Notes
Turn   | Place    | Note
--------------------------------------------------------------
     0 | D:1      | wvc the Draconian Transmuter began the quest for the Orb.
     0 | D:1      | Reached XP level 1. HP: 16/16 MP: 3/3
   247 | D:1      | Reached XP level 2. HP: 15/23 MP: 5/5
   477 | D:1      | Learned a level 2 spell: Sticks to Snakes
  1057 | D:1      | Reached XP level 3. HP: 28/28 MP: 5/7
  1443 | D:1      | Learned a level 3 spell: Spider Form
  2026 | D:2      | Reached XP level 4. HP: 25/35 MP: 4/8
  2682 | D:3      | Found a faded altar to an unknown god.
  2713 | D:3      | Became a worshipper of Elyvilon the Healer
  2713 | D:3      | Acquired Elyvilon's first power
  2863 | D:3      | Noticed Crazy Yiuf
  2879 | D:3      | Killed Crazy Yiuf
  2879 | D:3      | Reached skill level 1 in Poison Magic
  3170 | D:4      | Reached XP level 5. HP: 38/40 MP: 5/10
  3338 | D:4      | Reached skill level 4 in Spellcasting
  3600 | D:4      | Found a shadowy altar of Dithmenos.
  3608 | D:4      | Noticed a giant frog
  3617 | D:4      | Killed a giant frog
  3628 | D:4      | Reached XP level 6. HP: 16/47 MP: 10/13
  3631 | D:4      | Slain by a gnoll

Vault maps used:
D:1:      ldierk_walled_garden_2, monster_avoids_cloud
D:3:      ecumenical_altar_1, uniq_crazy_yiuf_cottage
D:4:      nicolae_overflow_crystal_walls, first_bread, uniq_grinder

Action                   |  1- 3 |  4- 6 || total
-------------------------+-------+-------++-------
Melee: Unarmed           |   139 |   153 ||   292
 Cast: Beastly Appendage |    18 |     8 ||    26
       Sticks to Snakes  |     9 |     2 ||    11
       Spider Form       |     1 |     5 ||     6
  Use: Potion            |       |     3 ||     3
 Stab: Sleeping          |     1 |     1 ||     2
  Eat: Beef jerky        |     1 |     2 ||     3
       Meat ration       |     1 |       ||     1
       Chunk             |       |     1 ||     1
